 Dungeon Crawl Stone Soup version 0.28.0-53-g5a82cb258f (webtiles) character file.

Game seed: 787853604567211712

1051 safid the Cleaver (level 8, 0/99 HPs)
             Began as a Hill Orc Fighter on Aug 12, 2022.
             Was an Initiate of Beogh.
             Slain by Sigmund
             ... wielding a +0 scythe
              (9 damage)
             ... on level 6 of the Dungeon.
             The game lasted 00:05:28 (5201 turns).

safid the Cleaver (Hill Orc Fighter)                Turns: 5201, Time: 00:05:28

Health: 0/99       AC: 24    Str: 23    XL:     8   Next: 26%
Magic:  8/8        EV:  2    Int:  8    God:    Beogh [......]
Gold:   317        SH:  4    Dex: 10    Spells: 7/7 levels left

rFire   . . .      SeeInvis +   a - +0 war axe
rCold   + . .      Faith    .   c - +0 buckler
rNeg    . . .      Spirit   .   (armour currently unavailable)
rPois   +          Reflect  .   (helmet currently unavailable)
rElec   .          Harm     .   (cloak currently unavailable)
rCorr   +          Rampage  .   (gloves currently unavailable)
Will    .....      NoTele   +   (boots currently unavailable)
Stlth   +.........              (no amulet)
HPRegen 0.26/turn               n - ring of Compulsion {rC+ Will- rCorr Str+2 SInv}
MPRegen 0.11/turn               (no ring)

@: tree-form
A: stationary, stasis, torment immunity, boosted hp
a: Renounce Religion


You were on level 6 of the Dungeon.
You worshipped Beogh.
Beogh was noncommittal.
You were a tree.
You visited 1 branch of the dungeon, and saw 6 of its levels.

You collected 317 gold pieces.

Inventory:

Hand Weapons
 a - a +0 war axe (weapon)
Missiles
 r - 9 poisoned darts (quivered)
Armour
 b - a +0 scale mail (melded)
 c - a +0 buckler (worn)
Jewellery
 j - a ring of fire
 n - the ring of Compulsion (left branch) {rC+ Will- rCorr Str+2 SInv}
   (You found it on level 2 of the Dungeon)

   [ring of see invisible]

   Str:       It affects your strength (+2).
   rC:        It protects you from cold.
   SInv:      It lets you see invisible.
   rCorr:     It protects you from acid and corrosion.
   Will:      It decreases your willpower.
 y - a ring of protection from fire
Wands
 x - a wand of flame (9)
Scrolls
 e - a scroll of vulnerability {unknown}
 f - a scroll of blinking {unknown}
 g - 8 scrolls of identify {unknown}
 i - 5 scrolls of amnesia {unknown}
 l - 2 scrolls of enchant armour {unknown}
 m - a scroll of magic mapping {unknown}
 o - 3 scrolls of teleportation {unknown}
 q - a scroll of immolation {unknown}
 u - a scroll of holy word {unknown}
 v - a scroll of noise {unknown}
 w - a scroll of fear {unknown}
Potions
 d - 3 potions of might
 h - a potion of attraction {unknown}
 k - a potion of lignification
 p - a potion of invisibility {unknown}
 s - 2 potions of cancellation {unknown}
 t - a potion of heal wounds {unknown}
 z - a potion of haste {unknown}
 A - 2 potions of degeneration {unknown}
 B - a potion of flight {unknown}


   Skills:
 - Level 4.0 Fighting
 + Level 11.7 Axes
 - Level 4.0 Armour
 - Level 4.0 Shields


You had 7 spell levels left.
You didn't know any spells.
Your spell library contained the following spells:

 Spells                   Type           Power      Damage    Failure   Level
 Gell's Gravitas          Tloc           0%         N/A       86%         3
 Ozocubu's Armour         Ice            0%         N/A       86%         3
 Teleport Other           Tloc           0%         N/A       86%         3
 Metabolic Englaciation   Hex/Ice        0%         N/A       100%        5
 Dispersal                Tloc           0%         N/A       100%        6
 Simulacrum               Ice/Necr       0%         N/A       100%        6


Dungeon Overview and Level Annotations

Branches:
Dungeon (6/15)
 Temple: D:4-7

Altars:
Ashenzari
Elyvilon
Gozag
Hepliaklqana
Zin
The Shining One

Shops:
D:1 (   D:2 *(*   D:6 =

Annotations:
D:3 2 runed translucent doors, Lance11888's ghost, amateur HOFi
D:6 Sigmund


Message History

The bullfrog hits you but does no damage.
The bullfrog barely misses you.
It was a potion of lignification.
You turn into a tree.
Your +0 scale mail melds into your body.
Your roots penetrate the ground.
You feel less confused.
The bullfrog hits you but does no damage.
You block Sigmund's attack.
The bullfrog hits you but does no damage.
You slash the bullfrog!
The bullfrog is moderately wounded.
The bullfrog hits you but does no damage.
Unknown command.
You barely miss the bullfrog.
The bullfrog is moderately wounded.
You block the bullfrog's attack.
Sigmund mumbles some strange words.
Sigmund flickers and vanishes for a moment.
Unknown command.
You barely miss the bullfrog.
The bullfrog is moderately wounded.
The bullfrog barely misses you. Sigmund hits you but does no damage.
The bullfrog hits you but does no damage.
Unknown command.
You slash the bullfrog!
The bullfrog is severely wounded.
The bullfrog completely misses you.
Unknown command.
You closely miss the bullfrog.
The bullfrog is severely wounded.
The bullfrog hits you.
* * * LOW HITPOINT WARNING * * *
Sigmund barely misses you. You block the bullfrog's attack.
Unknown command.
You barely miss the bullfrog.
The bullfrog is severely wounded.
The bullfrog hits you.
* * * LOW HITPOINT WARNING * * *
Sigmund hits you from afar with a +0 scythe!
You die...

# . #....# .## .###.?..#
# ## #$.. ..##....# #.
.#...# #.##..<.####
#.###.#...# #............
...#.....#
..##.....###.###.#.....##
o...))....# ...#♣........
....)...#.## #.#F........
##.###..)..###.@.#.......
.'.# #..#....#..##.......
#### #..#.##...## #######
# #..#.###.## #..#.# #.#
#....# #.# #.#..# #..


You could see Sigmund (invisible) and a bullfrog.

Vanquished Creatures
  Menkaure (D:6)
  An ice beast (D:5)
  An ogre (D:3)
  A phantom (D:6)
  A centaur (D:4)
  2 water moccasin zombies
  2 water moccasin skeletons
  A centaur zombie (D:4)
  3 hounds
  A bullfrog skeleton (D:5)
  An iguana (D:5)
  An orc wizard (D:6)
  A hound zombie (D:5)
  7 adders
  A white imp (D:5)
  An ufetubus (D:3)
  A worm (D:3)
  A dart slug (D:2)
  8 orcs
  4 bats
  4 endoplasms
  4 giant cockroaches
  7 goblins
  5 hobgoblins
  6 jackals
  10 kobolds
  2 quokkas
  12 ball pythons
  5 frilled lizards
  6 rats
101 creatures vanquished.

Vanquished Creatures (others)
  An orc priest (D:6)
  An orc wizard (D:6)
  7 plants (D:4)
9 creatures vanquished.

Grand Total: 110 creatures vanquished

Notes
Turn   | Place    | Note
-------+----------+-------------------------------------------
     0 | D:1      | safid the Hill Orc Fighter began the quest for the Orb.
     0 | D:1      | Reached XP level 1. HP: 19/19 MP: 1/1
   209 | D:1      | Reached XP level 2. HP: 27/27 MP: 2/2
   220 | D:1      | Found Vaesy's Antique Weapon Shoppe.
   235 | D:1      | Reached skill level 3 in Axes
   350 | D:1      | Found a faded altar of an unknown god.
   640 | D:1      | Reached XP level 3. HP: 33/33 MP: 3/3
   880 | D:2      | Found Xoyvi's Assorted Antiques.
  1028 | D:2      | Found Yciagafi's Weapon Shop.
  1279 | D:2      | Reached XP level 4. HP: 40/40 MP: 4/4
  1379 | D:2      | Reached skill level 4 in Axes
  1491 | D:2      | Identified the ring of Compulsion {rC+ Will- rCorr Str+2
                  | SInv}
  1545 | D:2      | Found Sesch's Assorted Antiques.
  2018 | D:3      | Reached skill level 5 in Axes
  2072 | D:3      | Noticed an ogre
  2083 | D:3      | Killed an ogre
  2084 | D:3      | Reached skill level 6 in Axes
  2084 | D:3      | Reached XP level 5. HP: 29/46 MP: 5/5
  2433 | D:3      | Found a glowing golden altar of the Shining One.
  2436 | D:3      | Found a broken altar of Ashenzari.
  2441 | D:3      | Found an opulent altar of Gozag.
  2494 | D:3      | Found a large runed translucent door.
  2494 | D:3      | Found a large runed translucent door.
  2498 | D:3      | Noticed Lance11888's ghost (amateur HOFi)
  3096 | D:4      | Found a hazy altar of Hepliaklqana.
  3133 | D:4      | Noticed a centaur
  3141 | D:4      | Killed a centaur
  3142 | D:4      | Reached skill level 7 in Axes
  3142 | D:4      | Reached XP level 6. HP: 34/52 MP: 6/6
  3434 | D:4      | Found a glowing silver altar of Zin.
  3434 | D:4      | Found a white marble altar of Elyvilon.
  3483 | D:4      | Reached skill level 8 in Axes
  4009 | D:5      | Entered Level 5 of the Dungeon
  4032 | D:5      | Noticed an ice beast
  4039 | D:5      | Killed an ice beast
  4040 | D:5      | Reached skill level 9 in Axes
  4040 | D:5      | Reached XP level 7. HP: 59/59 MP: 7/7
  4588 | D:5      | Reached skill level 10 in Axes
  5123 | D:6      | Noticed Menkaure
  5132 | D:6      | Killed Menkaure
  5133 | D:6      | Reached skill level 11 in Axes
  5133 | D:6      | Reached XP level 8. HP: 36/66 MP: 8/8
  5159 | D:6      | Became a worshipper of Beogh the Brigand
  5163 | D:6      | HP: 3/66 [water moccasin zombie (6)]
  5174 | D:6      | Found Nuid's Jewellery Shop.
  5188 | D:6      | Noticed Sigmund
  5201 | D:6      | Slain by Sigmund

Illustrated notes

Levels and vault maps discovered:
D:1:      amcnicky_arrival_double_pillar, layout_basic, serial_shops,
          nicolae_shop_temple_entry_statues_fountains,
          ebering_ecumenical_altar_webs, minivault_23
D:2:      layout_rooms, serial_shops,
          nicolae_shop_temple_entry_statues_fountains, nicolae_shop_stone, shop,
          minmay_tetromino_t4
D:3:      layout_loops_corners, grunt_temple_overflow_diamond,
          ebering_ghost_disaster_area, chequers_serial_rivers_room_a
D:4:      layout_gridville, nicolae_hepliaklqana_hazy_memory,
          gammafunk_temple_overflow_wave
D:5:      layout_loops_corners
D:6:      layout_rooms, slow_altar_2, enter_ossuary_2, serial_shops,
          nicolae_shop_hallway_plus, hangedman_abyss_or_decor_stabs,
          uniq_menkaure, uniq_sigmund

Skill      XL: |  1  2  3  4  5  6  7 |
---------------+----------------------+-----
Axes           | 3 6 7 9 11 | 11.7
Fighting       | 4 |  4.0
Armour         | 4 |  4.0
Shields        | 4 |  4.0

Action                   |  1- 3 |  4- 6 |  7- 9 || total
-------------------------+-------+-------+-------++-------
Melee: War axe           |    80 |   128 |    80 ||   288
Throw: Dart              |       |     4 |       ||     4
Invok: Convert to Beogh  |       |       |     1 ||     1
  Use: Potion            |       |       |     1 ||     1
Armor: Scale mail        |    28 |    67 |    29 ||   124
       Skin              |       |       |     5 ||     5
Dodge: Dodged            |    44 |    77 |    32 ||   153
Block: Buckler           |    22 |    35 |    22 ||    79
